 Dungeon Crawl Stone Soup version 0.24-a0-443-g80245de (webtiles) character file.

Game seed: 1361139370819364632

40936 Fortuna the Warrior (level 13, -2/125 (126) HPs)
             Began as a Minotaur Berserker on June 21, 2019.
             Was an Elder of Trog.
             Slain by Jorgrun
             ... wielding a +0 quarterstaff of crushing
              (3 damage)
             ... on level 2 of the Orcish Mines.
             The game lasted 01:16:01 (17242 turns).

Fortuna the Warrior (Minotaur Berserker)           Turns: 17242, Time: 01:16:01

HP:   -2/125 (126)  AC: 23    Str: 32    XL:     13   Next: 77%
MP:   13/13         EV: 16    Int:  5    God:    Trog [****..]
Gold: 949           SH:  0    Dex: 16    Spells: 12/12 levels left

rFire    + . .     SeeInvis +   Q - +2 great mace (holy)
rCold    + . .     Gourm    +   (shield currently unavailable)
rNeg     + + .     Faith    .   C - +0 pearl dragon scales
rPois    +         Spirit   .   G - +0 hat {Int+3}
rElec    .         Reflect  .   X - +2 cloak of the Fisher {rF+ rC+ rN+ rCorr}
rCorr    +         Harm     .   i - +0 pair of gloves {archery}
MR       .....                  T - +2 pair of boots "Aplom" {+Inv Int-2 Dex+5 SInv}
Stlth    ..........             e - amulet of the gourmand
HPRegen  0.30/turn              P - +6 ring of strength
MPRegen  0.13/turn              v - ring of poison resistance

@: about to teleport, grasped by roots, berserk cooldown, slowed, constricted,
very slow
A: retaliatory headbutt, horns 2
a: Berserk, Trog's Hand, Brothers in Arms, Renounce Religion, Evoke Invisibility


You were on level 2 of the Orcish Mines.
You worshipped Trog.
Trog was greatly pleased with you.
You were very full.

You visited 3 branches of the dungeon, and saw 18 of its levels.
You also visited: Gauntlet.

You collected 1583 gold pieces.
You spent 634 gold pieces at shops.

Inventory:

Hand Weapons
 Q - a +2 great mace of holy wrath (weapon)
Missiles
 b - 79 poisoned darts (quivered)
 t - 5 silver boomerangs
 B - 9 atropa-tipped darts
 F - 4 silver javelins
Armour
 i - a +0 pair of gloves of archery (worn)
 m - a +0 shield
 C - +0 pearl dragon scales (worn)
 G - a +0 hat of intelligence (worn)
 T - the +2 pair of boots "Aplom" (worn) {+Inv Int-2 Dex+5 SInv}
   (You found it in a Gauntlet)

   It affects your intelligence (-2).
   It affects your dexterity (+5).
   It lets you see invisible.
   It lets you turn invisible.
 X - the +2 cloak of the Fisher (worn) {rF+ rC+ rN+ rCorr}
   (You bought it in a shop on level 1 of the Orcish Mines)

   It protects you from fire.
   It protects you from cold.
   It protects you from negative energy.
   It provides partial protection from all sources of acid and corrosion.
Jewellery
 a - an uncursed ring of protection from cold
 e - an amulet of the gourmand (around neck)
 j - an uncursed ring of protection from fire
 v - a ring of poison resistance (right hand)
 H - an uncursed ring of see invisible
 P - a +6 ring of strength (left hand)
Wands
 f - a wand of enslavement (15)
 u - a wand of paralysis (11)
 A - a wand of clouds (6)
 D - a wand of scattershot (4)
 J - a wand of polymorph (9)
 K - a wand of iceblast (11)
 M - a wand of flame (16)
 U - a wand of disintegration (15)
Scrolls
 d - a scroll of teleportation
 k - 4 scrolls of enchant weapon
 p - 5 scrolls of enchant armour
 r - 9 scrolls of remove curse
 w - 4 scrolls of fog
 x - 4 scrolls of magic mapping
 z - a scroll of immolation {unknown}
 N - a scroll of vulnerability {unknown}
 O - a scroll of torment {unknown}
 W - a scroll of holy word {unknown}
 Z - a scroll of random uselessness {unknown}
Potions
 g - 2 potions of might
 l - 3 potions of berserk rage
 n - a potion of cancellation
 o - 5 potions of flight
 q - a potion of mutation
 s - 2 potions of heal wounds
 E - a potion of brilliance
 I - 2 potions of agility
 S - a potion of resistance
 V - 2 potions of curing
Miscellaneous
 R - a sack of spiders
Comestibles
 c - 29 rations
 h - a chunk of flesh


   Skills:
 + Level 15.0 Fighting
 + Level 15.0 Maces & Flails
 - Level 6.0 Throwing
 + Level 11.1 Armour
 - Level 12.4 Dodging
 - Level 2.5 Shields
 + Level 2.0 Evocations


You had 12 spell levels left.
You didn't know any spells.
Your spell library was empty.

Dungeon Overview and Level Annotations

Branches:
Dungeon (10/15)            Temple (0/1) D:5            Lair (6/6) D:8
 Shoals (0/4) Lair:3        Snake (0/4) Lair:3        Slime (0/5) Lair:5
    Orc (2/2) D:9             Elf (0/3) Orc:2

Altars:
Ashenzari
Dithmenos
Kikubaaqudgha
Qazlal
Ru
Trog
Wu Jian
Xom
Yredelemnul
Beogh

Shops:
Orc:1 }[   Orc:2 ((

Annotations:
Lair:3 exclusion: oklob plant
Lair:4 2 runed translucent doors, exclusion: 2 doors, Senshi's ghost, journeyman DEVM
Orc:2 Jorgrun


Innate Abilities, Weirdness & Mutations

You reflexively headbutt those who attack you in melee.
You have a pair of horns on your head.


Message History

The orc warrior hits you with a +0 long sword!
* * * LOW HITPOINT WARNING * * *
You can move again.
As you read the scroll of teleportation, it crumbles to dust.
You feel strangely unstable.
Jorgrun hits you with a +0 quarterstaff of crushing!
* * * LOW HITPOINT WARNING * * *
x2 The orc warrior barely misses you.
As you read the scroll of fear, it crumbles to dust.
You assume a fearsome visage.
The orc knight looks frightened!
Jorgrun resists with some effort.
The orc warrior looks frightened!
The orc looks frightened! x2
Jorgrun gestures at you while chanting.
Roots burst forth from the earth!
The grasping roots grab you!
* * * LOW HITPOINT WARNING * * *
The grasping roots constrict you.
Jorgrun hits you with a +0 quarterstaff of crushing.
* * * LOW HITPOINT WARNING * * *
x2 You die...

,,,,,∩,,,,..#....#.#......#.#....
,,,8,,,,,.P......................
,,,,,,,,,.P....#..P..............
*,,,,,,,,,.......P.P.............
*,,,,,,,,P##...P....PP...........
**,,,,,,,...oo.P....8...#...[....
**,,,,,,..o...P.†...............
**,*,,,.....o...∩...P..........
***,,,,.......@†.............[)
**,*,,,,....P.g.....P..........[
*,,,,,*,.....................[.)
**,*,*,,......P.P.P..........[[.
*,,,***,......#..P..............
**,***,,$.....###...............
***,**,#.....,#......>.........
*,,,,,........#.##............
**,,,,...........#.#..#.....#.


You could see Jorgrun, an orc knight (fleeing), an orc warrior (fleeing) and 2
orcs.

Vanquished Creatures
  Gastronok (Lair:1)
  An orc warlord (Orc:2)
  A minotaur (Gauntlet)
  Josephine (Lair:4)
  Harold (D:9)
  4 hydras
  3 catoblepae (Lair:6)
  5 death yaks (Lair:6)
  2 sixfirhies (Gauntlet)
  An orc knight (Orc:1)
  An orc sorcerer (Orc:2)
  2 manticores (Lair:6)
  7 black mambas
  Joseph (D:10)
  8 spiny frogs
  2 rime drakes (Lair:4)
  4 komodo dragons
  A merfolk (Lair:3)
  A troll (D:9)
  4 blink frogs (Lair:5)
  2 raiju (Gauntlet)
  6 hippogriffs
  28 yaks
  A spriggan (D:7)
  4 wraiths
  3 basilisks
  2 wyverns
  Grum (D:9)
  Menkaure (D:6)
  2 wargs (Orc:2)
  12 water moccasins
  4 porcupines
  A swamp drake (Lair:2)
  13 orc warriors
  2 sky beasts
  3 ice beasts
  A necrophage (D:8)
  2 black bears
  3 phantoms
  11 ogres
  8 wolves
  2 centaurs (D:5)
  15 crocodiles
  2 big kobolds
  15 bullfrogs
  5 gnoll sergeants (D:9)
  An elf skeleton (D:8)
  2 scorpions
  4 wights
  3 killer bees (D:9)
  A vampire bat (D:7)
  An electric eel (D:6)
  3 howler monkeys
  4 crimson imps
  3 bullfrog zombies
  A centaur zombie (D:7)
  4 hounds
  A quasit (D:8)
  12 orc priests
  4 jellies
  5 human zombies (D:8)
  A gnoll shaman (Orc:1)
  Jessica (D:3)
  5 iguanas
  7 worker ants
  12 orc wizards
  A lightning spire (Gauntlet)
  2 hound zombies
  3 hound skeletons
  3 mummies (D:8)
  A worker ant zombie (D:5)
  7 gnolls
  3 river rats (Lair:2)
  7 adders
  2 shadow imps
  2 oozes (D:3)
  An adder skeleton (D:9)
  6 worms
  2 dart slugs
  5 leopard geckos
  51 orcs
  7 giant cockroaches
  8 goblins
  12 hobgoblins
  8 jackals
  8 kobolds
  2 quokkas (D:6)
  2 ball pythons
  13 bats
  10 frilled lizards
  A jackal zombie (D:6)
  A leopard gecko skeleton (D:8)
  A quokka skeleton (D:4)
  A quokka zombie (D:7)
  11 rats
456 creatures vanquished.

Vanquished Creatures (collateral kills)
  An orc knight (Orc:2)
  A hippogriff (Lair:1)
  3 orc warriors (Orc:2)
  A killer bee (D:9)
  An orc priest (Orc:2)
  An orc wizard (Orc:2)
  A shadow imp (D:9)
  3 orcs
12 creatures vanquished.

Vanquished Creatures (others)
  A human (D:8)
  3 plants
  29 withered plants (Gauntlet)
33 creatures vanquished.

Grand Total: 501 creatures vanquished

Notes
Turn   | Place    | Note
-------+----------+-------------------------------------------
     0 | D:1      | Fortuna the Minotaur Berserker began the quest for the Orb.
     0 | D:1      | Reached XP level 1. HP: 19/19 MP: 0/0
   222 | D:1      | Reached XP level 2. HP: 27/27 MP: 1/1
   841 | D:2      | Reached XP level 3. HP: 26/33 MP: 2/2
  1090 | D:2      | Reached XP level 4. HP: 41/41 MP: 3/3
  1161 | D:2      | Reached ** piety under Trog
  1672 | D:3      | Noticed an orc warrior
  1683 | D:3      | Killed an orc warrior
  1683 | D:3      | Reached skill level 5 in Fighting
  1683 | D:3      | Reached XP level 5. HP: 45/48 MP: 4/4
  1739 | D:3      | Noticed Jessica
  1752 | D:3      | Killed Jessica
  1752 | D:3      | Reached skill level 5 in Maces & Flails
  1858 | D:3      | You fall into a shaft and drop 3 floors!
  1859 | D:6      | Noticed a sky beast
  1873 | D:6      | Killed a sky beast
  1873 | D:6      | Reached XP level 6. HP: 46/56 MP: 5/5
  1877 | D:6      | Reached skill level 1 in Throwing
  1928 | D:6      | Noticed an ice beast
  1953 | D:6      | Killed an ice beast
  2028 | D:6      | Reached skill level 5 in Armour
  2028 | D:6      | Reached XP level 7. HP: 61/62 MP: 6/6
  2092 | D:6      | Reached *** piety under Trog
  2290 | D:6      | Noticed Menkaure
  2296 | D:6      | Killed Menkaure
  2325 | D:6      | Reached XP level 8. HP: 53/71 MP: 7/7
  2581 | D:5      | Entered Level 5 of the Dungeon
  2672 | D:5      | Found a staircase to the Ecumenical Temple.
  3118 | D:3      | Found a stormy altar of Qazlal.
  3200 | D:3      | Reached **** piety under Trog
  3549 | D:4      | Found a shimmering altar of Xom.
  3618 | D:4      | Got a transparent glass ring
  3620 | D:4      | Identified the ring "Hoes" {rF+ rC- Str-2 Int+9 Stlth-}
                  | (You found it on level 4 of the Dungeon)
  3676 | D:4      | Found a sacrificial altar of Ru.
  4015 | D:5      | Found a shadowy altar of Dithmenos.
  4120 | D:5      | Received a gift from Trog
  4145 | D:5      | Found a bloodstained altar of Trog.
  4530 | D:6      | Reached XP level 9. HP: 82/82 MP: 8/8
  5437 | D:7      | Received a gift from Trog
  5570 | D:7      | Found a shattered altar of Ashenzari.
  5571 | D:7      | Found a bloodstained altar of Trog.
  5852 | D:7      | Received a gift from Trog
  6032 | D:7      | Reached skill level 5 in Dodging
  6393 | D:8      | Found a basalt altar of Yredelemnul.
  6551 | D:8      | Reached ***** piety under Trog
  6645 | D:8      | Noticed a seven-headed hydra
  6656 | D:8      | Killed a seven-headed hydra
  6656 | D:8      | Reached XP level 10. HP: 92/92 MP: 9/9
  6842 | D:8      | Found an ornate altar of the Wu Jian Council.
  6920 | D:8      | Found a staircase to the Lair.
  6937 | D:8      | Reached skill level 10 in Fighting
  6937 | D:8      | Reached skill level 10 in Maces & Flails
  7104 | D:8      | Received a gift from Trog
  7209 | D:8      | Found an ancient bone altar of Kikubaaqudgha.
  7329 | D:9      | Noticed Harold
  7378 | D:9      | Killed Harold
  7378 | D:9      | Reached skill level 10 in Armour
  7827 | D:9      | Noticed Grum
  7837 | D:9      | Killed Grum
  7873 | D:9      | Found a staircase to the Orcish Mines.
  8287 | D:9      | Reached XP level 11. HP: 82/101 MP: 10/10
  8499 | D:10     | Entered Level 10 of the Dungeon
  8934 | D:10     | Reached skill level 1 in Shields
  8998 | D:10     | Noticed Joseph
  9009 | D:10     | Killed Joseph
  9322 | Lair:1   | Entered Level 1 of the Lair of Beasts
  9511 | Lair:1   | Received a gift from Trog
  9568 | Lair:1   | Noticed Gastronok
  9576 | Lair:1   | Killed Gastronok
 10506 | Lair:2   | Found a gate leading to a gauntlet.
 10515 | Gauntlet | Entered a Gauntlet
 10515 | Gauntlet | Found a transporter.
 10515 | Gauntlet | Noticed a death scarab
 10516 | Gauntlet | Noticed a death scarab
 10518 | Gauntlet | Found a transporter.
 10519 | Gauntlet | Found a transporter.
 10523 | Gauntlet | Found a transporter.
 10531 | Gauntlet | Found a transporter.
 10531 | Gauntlet | Found a transporter.
 10532 | Gauntlet | Noticed an orange crystal statue
 10532 | Gauntlet | Noticed a blizzard demon
 10533 | Gauntlet | Found a transporter.
 10533 | Gauntlet | Found a transporter.
 10616 | Gauntlet | Found a runed translucent door.
 10617 | Gauntlet | Found a transporter.
 10618 | Gauntlet | Found a runed translucent door.
 10618 | Gauntlet | Found a transporter.
 10622 | Gauntlet | Found a transporter.
 10631 | Gauntlet | Noticed a sixfirhy
 10632 | Gauntlet | Found a transporter.
 10642 | Gauntlet | Noticed a sixfirhy
 10742 | Gauntlet | Got a pair of distressingly furry boots
 10754 | Gauntlet | Identified the +2 pair of boots "Aplom" {+Inv Int-2 Dex+5
                  | SInv} (You found it in a Gauntlet)
 10815 | Gauntlet | Killed a sixfirhy
 10816 | Gauntlet | Killed a sixfirhy
 10930 | Gauntlet | Identified the cursed +3 short sword "Hiom Nec" {freeze,
                  | *Slow +Blink rElec Stlth+}
 10930 | Gauntlet | Noticed a minotaur
 10939 | Gauntlet | Killed a minotaur
 10939 | Gauntlet | Reached skill level 5 in Throwing
 11049 | Gauntlet | Identified the Almanac of the Boosting Compass
 11050 | Gauntlet | Got a shimmering marble ring
 11065 | Lair:2   | Reached XP level 12. HP: 105/111 MP: 11/11
 11173 | Lair:2   | Identified the ring "Forget-Me-Not" {+Fly rPois rF+ Str-5
                  | SInv} (You found it in a Gauntlet)
 11596 | Lair:2   | Reached skill level 10 in Dodging
 12145 | Lair:3   | Noticed a five-headed hydra
 12153 | Lair:3   | Killed a five-headed hydra
 12247 | Lair:3   | Noticed a five-headed hydra
 12263 | Lair:3   | Killed a five-headed hydra
 12524 | Lair:3   | Found a staircase to the Snake Pit.
 12601 | Lair:3   | Found a staircase to the Shoals.
 12785 | Lair:4   | Found a large runed translucent door.
 12786 | Lair:4   | Found a large runed translucent door.
 12788 | Lair:4   | Noticed Senshi's ghost (journeyman DEVM)
 12904 | Lair:4   | Noticed Josephine
 12914 | Lair:4   | Killed Josephine
 14124 | Lair:5   | Found a staircase to the Slime Pits.
 14512 | Lair:6   | Entered Level 6 of the Lair of Beasts
 14615 | Lair:6   | Reached XP level 13. HP: 122/122 MP: 12/12
 16407 | Orc:1    | Entered Level 1 of the Orcish Mines
 16407 | Orc:1    | Found Meojuh's Gadget Boutique.
 16558 | Orc:1    | Found a roughly hewn altar of Beogh.
 16659 | Orc:1    | Found Lestrouvi's Armour Emporium.
 16660 | Orc:1    | Found a roughly hewn altar of Beogh.
 16689 | Orc:1    | Bought the +2 cloak of the Fisher {rF+ rC+ rN+ rCorr} for
                  | 634 gold pieces
 16712 | Orc:1    | You fall into a shaft and drop 1 floor!
 16712 | Orc:2    | Entered Level 2 of the Orcish Mines
 16712 | Orc:2    | Found a staircase to the Elven Halls.
 16732 | Orc:2    | Reached skill level 1 in Evocations
 16734 | Orc:2    | Received a gift from Trog
 16742 | Orc:2    | Noticed an orc warlord
 17044 | Orc:2    | Killed an orc warlord
 17054 | Orc:2    | Found Qiffo's Antique Weapon Boutique.
 17060 | Orc:2    | Reached skill level 15 in Fighting
 17205 | Orc:2    | Found Miczymoe's Antique Weapon Boutique.
 17216 | Orc:2    | Noticed Jorgrun
 17219 | Orc:2    | Reached skill level 15 in Maces & Flails
 17242 | Orc:2    | HP: 6/125 [Jorgrun/+0 quarterstaff of crushing (3)]
 17242 | Orc:2    | HP: 2/125 [Jorgrun/+0 quarterstaff of crushing (4)]
 17242 | Orc:2    | Slain by Jorgrun

Levels and vault maps discovered:
D:1:      lightli_arrival_boilingwater, layout_loops_ring, nrook_loot_triangle,
          minmay_misc_feat_chi, serial_bayou_pond_c
D:2:      layout_rooms
D:3:      layout_loops_ring, old_standard_altar, first_ration, uniq_jessica
D:4:      layout_rooms, nicolae_overflow_crystal_walls, nicolae_ru_path_of_blood
D:5:      layout_loops_cross, minmay_temple_entry_waves, basic_altar,
          chequers_garden, trog_book
D:6:      layout_layer_cave, minivault_4, uniq_menkaure
D:7:      layout_loops_corners, nicolae_overflow_hidden_temple, roderic_batcave,
          grunt_ministairs_2, the_bakery
D:8:      layout_loops_ring, lemuel_doored_altar,
          lemuel_mausoleum_altar_yredelemnul, david_lair_shrubbed,
          minmay_misc_feat_square, tgw_kikubaaqudgha
D:9:      layout_stronghold, kennysheep_orc_monster_closet_entryway,
          minmay_mirror_moons_of_madness, uniq_grum, uniq_harold
D:10:     layout_long_grid, serial_undead, serial_undead_c, serial_undead_d,
          serial_undead_b, serial_undead_d, uniq_joseph
Lair:1:   layout_regular_city, beast_lair_carwin_9, serial_bayou_shore_b,
          uniq_gastronok
Lair:2:   layout_regular_city, gauntlet_entry_generic, pond, grunt_megastairs_3,
          infiniplex_staircase_pool_2
Lair:3:   layout_concentric_octagons, elwin_shoals_entry_rooms,
          serial_bayou_shore_b, minmay_lair_oklob_chamber, grunt_megastairs_2
Lair:4:   layout_concentric_octagons, ebering_ghost_disaster_area,
          minmay_stone_trees_small, ldierk_geyser, minivault_19, uniq_josephine
Lair:5:   layout_cave_pods, dpeg_slime_entry_corner, lemuel_fruit_fields
Lair:6:   evilmike_catoblepas_cave, layout_regular_city, lemuel_fruit_tree
Orc:1:    nicolae_orc_accident_2, layout_caves, basic_altar, serial_shops, shop,
          shop, nicolae_shop_stone, nicolae_shop_waterfront
Orc:2:    grunt_orc_gardens, layout_caves, grunt_orc_garden, grunt_orc_garden,
          grunt_orc_garden, grunt_orc_garden, serial_shops, shop_statue,
          minmay_orc_treasury, uniq_jorgrun

Skill      XL: |  1  2  3  4  5  6  7  8  9 10 11 12 13 |
---------------+----------------------------------------+-----
Fighting       | 4 5 6 8 9 11 12 13 15 | 15.0
Maces & Flails | 4 5 6 8 9 11 12 13 15 | 15.0
Armour         | 3 4 5 6 7 9 10 11 | 11.1
Dodging        | 3 4 6 7 9 11 12 | 12.4
Throwing       | 1 3 5 6 |  6.0
Shields        | 2 |  2.5
Evocations     | 2 |  2.0

Action                   |  1- 3 |  4- 6 |  7- 9 | 10-12 | 13-15 || total
-------------------------+-------+-------+-------+-------+-------++-------
Melee: Mace              |    51 |    78 |       |   221 |       ||   350
       Headbutt          |     5 |    13 |    88 |   147 |    62 ||   315
       Flail             |       |    44 |   430 |    49 |       ||   523
       Great mace        |       |       |       |   225 |   189 ||   414
Throw: Dart              |       |     4 |    14 |     8 |     6 ||    32
Invok: Berserk           |     1 |     4 |     5 |    13 |     2 ||    25
       Trog's Hand       |       |     1 |     1 |     1 |       ||     3
       Brothers in Arms  |       |       |       |     4 |     2 ||     6
  Use: Scroll            |       |       |     9 |    11 |     4 ||    24
       Potion            |       |       |       |     1 |       ||     1
 Stab: Distracted        |       |       |       |     1 |       ||     1
       Confused          |       |       |       |     1 |       ||     1
       Petrified         |       |       |       |       |     3 ||     3
  Eat: Chunk             |     1 |     7 |    20 |    71 |    11 ||   110
       Ration            |       |       |       |     2 |       ||     2
Armor: Scale mail        |    23 |    20 |       |       |       ||    43
       Animal skin       |     2 |       |       |       |       ||     2
       Plate armour      |       |    39 |   137 |       |       ||   176
       Pearl dragon scal |       |       |    75 |   194 |    67 ||   336
Dodge: Dodged            |    33 |    62 |   167 |   303 |   170 ||   735
Block: Shield            |       |       |       |    31 |       ||    31

Table legend:
 A = Non-vault XP
 B = Vault XP
 C = Vault XP percentage of total XP
 D = Non-vault monster count
 E = Vault monster count
 F = Vault count percentage of total count
                 A         B        C        D         E       F
            +---------+---------+-------+---------+---------+-------
      Total |   27408 |   31072 |  53.1 |     343 |     125 |  26.7
            +---------+---------+-------+---------+---------+-------
        D:1 |      30 |       0 |   0.0 |      17 |       0 |   0.0
        D:2 |     139 |       0 |   0.0 |      31 |       0 |   0.0
        D:3 |     221 |      37 |  14.3 |      33 |       1 |   2.9
        D:4 |     391 |       0 |   0.0 |      15 |       0 |   0.0
        D:5 |     555 |       0 |   0.0 |      15 |       0 |   0.0
        D:6 |    1337 |     172 |  11.4 |      33 |       1 |   2.9
        D:7 |     827 |     286 |  25.7 |      26 |      10 |  27.8
        D:8 |    1952 |    1327 |  40.5 |      20 |      14 |  41.2
        D:9 |    1407 |    3459 |  71.1 |      32 |      30 |  48.4
       D:10 |     351 |     617 |  63.7 |       5 |       5 |  50.0
     Lair:1 |    2390 |    2178 |  47.7 |      15 |       4 |  21.1
     Lair:2 |    3710 |    1154 |  23.7 |      15 |       9 |  37.5
     Lair:3 |    2421 |    2601 |  51.8 |       9 |       6 |  40.0
     Lair:4 |    1559 |    1652 |  51.4 |       5 |       4 |  44.4
     Lair:5 |    2703 |       0 |   0.0 |      13 |       0 |   0.0
     Lair:6 |    5904 |   10419 |  63.8 |      25 |      23 |  47.9
      Orc:1 |     720 |    1137 |  61.2 |      17 |       6 |  26.1
      Orc:2 |     791 |    2875 |  78.4 |      17 |       6 |  26.1
   Gauntlet |       0 |    3158 | 100.0 |       0 |       6 | 100.0
            +---------+---------+-------+---------+---------+-------
